 Dungeon Crawl Stone Soup version 0.17.1-1-g73c8601 (webtiles) character file.

231 zercules the Firebug (level 6, -2/49 HPs)
             Began as a Gargoyle Fire Elementalist on Feb 20, 2016.
             Killed from afar by an orc wizard (7 damage)
             ... with a puff of flame
             ... on level 3 of the Dungeon.
             The game lasted 00:22:18 (3074 turns).

zercules the Firebug (Gargoyle Fire Elementalist)   Turns: 3074, Time: 00:22:18

Health: -2/49      AC: 23    Str: 11    XL:     6   Next: 4%
Magic:  2/10       EV:  2    Int: 18    God:
Gold:   163        SH:  0    Dex: 10    Spells: 3 memorised, 2 levels left

rFire  . . .     SeeInvis .     g - +0 club
rCold  . . .     Clarity  .     (armour currently unavailable)
rNeg   + + +     SustAt   .     (no shield)
rPois  ∞         Gourm    .     (helmet currently unavailable)
rElec  .         Spirit   .     (cloak currently unavailable)
rCorr  .         Warding  .     (gloves currently unavailable)
rMut   .         NoTele   +     (boots currently unavailable)
MR     .....                    (no amulet)
Stlth  ++........               n - ring of loudness (curse)
                                l - ring of wizardry

@: tree-form, very slightly contaminated, not resistant to hostile enchantments,
unstealthy
A: negative energy resistance 1, (electricity resistance), (unbreathing),
petrification resistance, rot immunity, AC +4
a: no special abilities


You were on level 3 of the Dungeon.
You were not hungry.
You were a tree.
You visited 1 branch of the dungeon, and saw 3 of its levels.

You collected 163 gold pieces.

Inventory:

Hand Weapons
 g - a +0 club (weapon)
Armour
 a - a +1 robe (melded)
Jewellery
 l - a ring of wizardry (left branch)
 n - a cursed ring of loudness (right branch)
Scrolls
 f - 3 scrolls of identify
 r - a scroll of magic mapping
 s - a scroll of enchant armour
Potions
 d - a potion of flight {unknown}
 e - a potion of magic
 h - a potion of lignification
 j - a potion of resistance {unknown}
 k - 2 potions of brilliance {unknown}
 o - a potion of invisibility {unknown}
 q - a potion of heal wounds {unknown}
Books
 b - a book of Flames

   Spells                             Type                      Level
   a - Flame Tongue                   Conjuration/Fire             1
   b - Throw Flame                    Conjuration/Fire             2
   c - Conjure Flame                  Conjuration/Fire             3
   d - Inner Flame                    Hexes/Fire                   3
   e - Sticky Flame                   Conjuration/Fire             4
   f - Fireball                       Conjuration/Fire             5
 m - a book of Dreams

   Spells                             Type                      Level
   a - Ensorcelled Hibernation        Hexes/Ice                    2
   b - Phase Shift                    Translocation                5
   c - Shadow Creatures               Summoning                    5
   d - Silence                        Hexes/Air                    5
   e - Darkness                       Hexes                        6
   f - Mass Confusion                 Hexes                        6
Comestibles
 c - 2 bread rations
 i - a meat ration
 p - 6 chunks of flesh


   Skills:
 - Level 0.7 Fighting
 - Level 2.2 Dodging
 - Level 3.1 Stealth
 - Level 0.4 Unarmed Combat
 - Level 2.9 Spellcasting
 + Level 3.1 Conjurations
 + Level 4.2 Fire Magic


You had 2 spell levels left.
You knew the following spells:

 Your Spells              Type           Power        Failure   Level  Hunger
a - Flame Tongue          Conj/Fire      ###..        1%          1    None
b - Conjure Flame         Conj/Fire      ###.....     6%          3    ###....
c - Sticky Flame          Conj/Fire      ###.....     17%         4    ####...


Dungeon Overview and Level Annotations

Branches:
Dungeon (3/15)

Altars:
Okawaru
Sif Muna

Annotations:
D:3 Natasha


Innate Abilities, Weirdness & Mutations

You are resistant to torment.
((Your stone body is resilient (AC +4).))
You are immune to poison.
You resist negative energy.
((You are resistant to electric shocks.))
((You can survive without breathing.))
You are immune to petrification.
You are immune to rotting.


Message History

Casting: Flame Tongue
Confirm with . or Enter, or press ? or * to list all spells.
Aiming: Flame Tongue
Press: ? - help, Shift-Dir - straight line, f/p - orc
Aim: an orc (severely wounded)
The flame tongue hits the orc.
You kill the orc!
Something hits you but does no damage.
Casting: Flame Tongue
Confirm with . or Enter, or press ? or * to list all spells.
You can't see any susceptible monsters within range! (Use Z to cast anyway.) Unknown command.
Casting: Flame Tongue
Confirm with . or Enter, or press ? or * to list all spells.
Aiming: Flame Tongue
Press: ? - help, Shift-Dir - straight line You hear some strange, mumbled words.
A puff of flame appears from out of thin air!
The puff of flame hits you!
You die...

..# ..
#.##....# #.#
o..##...>#.##
..#
oo....##.#.#
###
...#...)...#
. ..
##.#.#### #
...o5####{#
.._.hb.o..#
.....####.#
.....†{♣).#
#####.##### #


There were no monsters in sight!

Vanquished Creatures
  An orc priest (D:3)
  Ijyb (D:3)
  Jessica (D:2)
  Terence (D:1)
  An orc wizard (D:3)
  4 adders
  An ooze (D:3)
  3 worms
  A giant gecko (D:3)
  6 orcs (D:3)
  5 giant cockroaches
  A goblin (D:3)
  8 hobgoblins
  8 bats
  2 kobolds
  8 rats
52 creatures vanquished.

Notes
Turn   | Place    | Note
--------------------------------------------------------------
     0 | D:1      | zercules the Gargoyle Fire Elementalist began the quest for the Orb.
     0 | D:1      | Reached XP level 1. HP: 10/10 MP: 3/3
   209 | D:1      | Reached XP level 2. HP: 7/15 MP: 0/5
  1195 | D:2      | Noticed Terence
  1198 | D:2      | Noticed Jessica
  1290 | D:1      | Killed Terence
  1290 | D:1      | Reached XP level 3. HP: 10/20 MP: 0/6
  1482 | D:2      | Killed Jessica
  1482 | D:2      | Reached XP level 4. HP: 9/24 MP: 0/7
  1674 | D:2      | Found an iron altar of Okawaru.
  1766 | D:2      | Learned a level 3 spell: Conjure Flame
  2460 | D:3      | Noticed Ijyb
  2481 | D:3      | Killed Ijyb
  2481 | D:3      | Reached XP level 5. HP: 26/28 MP: 1/9
  2628 | D:3      | Learned a level 4 spell: Sticky Flame
  3029 | D:3      | Found a deep blue altar of Sif Muna.
  3031 | D:3      | Noticed Natasha
  3055 | D:3      | Reached skill level 4 in Fire Magic
  3064 | D:3      | Reached XP level 6. HP: 7/33 MP: 0/10
  3074 | D:3      | Killed from afar by an orc wizard

Action                   |  1- 3 |  4- 6 || total
-------------------------+-------+-------++-------
Melee: Unarmed           |    19 |       ||    19
       Club              |     5 |    15 ||    20
 Cast: Flame Tongue      |    46 |    73 ||   119
       Conjure Flame     |       |     2 ||     2
  Use: Potion            |       |     4 ||     4
       Scroll            |       |     3 ||     3
  Eat: Chunk             |     3 |     1 ||     4
       Meat ration       |       |     1 ||     1
